 Dungeon Crawl Stone Soup version 0.28.0-62-gf88900778d (webtiles) character file.

Game seed: 15447752864477918439

101327 cbfl8 the Impaler (level 15, -12/149 HPs)
             Began as a Minotaur Berserker on June 27, 2023.
             Was the Champion of Trog.
             Killed from afar by Erolcha (31 damage)
             ... with a fireball
             ... on level 1 of the Orcish Mines.
             The game lasted 00:32:30 (29765 turns).

cbfl8 the Impaler (Minotaur Berserker)             Turns: 29765, Time: 00:32:31

Health: -12/149    AC: 24    Str: 26    XL:     15   Next: 83%
Magic:  6/14       EV: 10    Int:  7    God:    Trog [******]
Gold:   2832       SH: 18    Dex: 20    Spells: 14/14 levels left

rFire   . . .      SeeInvis .   b - +8 trident "Uhah Qit" {speed, Int+3 Stlth+}
rCold   + . .      Faith    .   v - +0 tower shield
rNeg    . . .      Spirit   .   G - +8 chain mail of Betarefi {Dex+2}
rPois   +          Reflect  .   (helmet restricted)
rElec   +          Harm     .   i - scarf {shadows}
rCorr   .          Rampage  .   s - +0 pair of gloves {infuse}
Will    +....                   j - +0 pair of boots
Stlth   ..........              N - amulet of regeneration
HPRegen 1.14/turn               f - +6 ring of dexterity
MPRegen 0.14/turn               z - ring "Yluheco" {rElec rPois rC+ Str+4 Dex-5}

@: no status effects
A: horns 2, retaliatory headbutt
a: Renounce Religion, Berserk, Trog's Hand, Brothers in Arms


You were on level 1 of the Orcish Mines.
You worshipped Trog.
Trog was exalted by your worship.
You visited 3 branches of the dungeon, and saw 22 of its levels.
You visited the Abyss 1 time.
You also visited: Sewer and Bailey.

You collected 3534 gold pieces.
You spent 702 gold pieces at shops.

Inventory:

Hand Weapons
 b - the +8 trident "Uhah Qit" (weapon) {speed, Int+3 Stlth+}
   (You found it on level 2 of the Dungeon)

   Attacks with this weapon are significantly faster.
   Int:       It affects your intelligence (+3).
   Stlth:     It makes you more stealthy.
 r - a +6 executioner's axe of flaming
Missiles
 p - 3 throwing nets
Armour
 i - a scarf of shadows (worn)
 j - a +0 pair of boots (worn)
 s - a +0 pair of gloves of infusion (worn)
 v - a +0 tower shield (worn)
 G - the +8 chain mail of Betarefi (worn) {Dex+2}
   (You found it on level 10 of the Dungeon)

   Dex:       It affects your dexterity (+2).
Jewellery
 f - a +6 ring of dexterity (left hand)
 z - the ring "Yluheco" (right hand) {rElec rPois rC+ Str+4 Dex-5}
   (You found it on level 7 of the Dungeon)

   [ring of protection from cold]

   Str:       It affects your strength (+4).
   Dex:       It affects your dexterity (-5).
   rC:        It protects you from cold.
   rElec:     It insulates you from electricity.
   rPois:     It protects you from poison.
 C - a ring of protection from cold
 F - a +6 ring of strength
 N - an amulet of regeneration (around neck)
Wands
 h - a wand of polymorph (5)
 n - a wand of flame (39)
 x - a wand of charming (12)
 y - a wand of iceblast (20) (quivered)
 A - a wand of paralysis (11)
 B - a wand of digging (12)
 Q - a wand of mindburst (1)
 S - a wand of acid (16)
Scrolls
 d - 4 scrolls of magic mapping
 e - 6 scrolls of teleportation
 m - a scroll of blinking
 t - 5 scrolls of fear
 u - 7 scrolls of identify
 E - a scroll of fog
 P - a scroll of enchant weapon
Potions
 a - 9 potions of might
 c - a potion of cancellation
 g - 7 potions of lignification
 k - 6 potions of flight
 l - 3 potions of resistance
 o - 6 potions of curing
 q - 2 potions of attraction
 I - 2 potions of berserk rage
 J - 4 potions of invisibility
 K - 3 potions of heal wounds
 M - 3 potions of mutation
 O - 9 potions of ambrosia
Miscellaneous
 D - a phial of floods
 H - a condenser vane
 R - a lightning rod (4/4)
 T - a tin of tremorstones (2/2)


   Skills:
 + Level 17.9 Fighting
 + Level 4.6(14.2) Axes
 * Level 20.5(20.7) Polearms
 + Level 14.2 Armour
 + Level 6.3 Dodging
 + Level 1.6 Stealth
 + Level 10.5 Shields
 * Level 10.4 Evocations


You had 14 spell levels left.
You didn't know any spells.
Your spell library was empty.

Dungeon Overview and Level Annotations

Branches:
Dungeon (15/15)            Temple (0/1) D:6            Lair (6/6) D:11
 Shoals (0/4) Lair:4       Spider (0/4) Lair:4        Slime (0/5) Lair:5
    Orc (1/2) D:12         Vaults (0/5) D:13         Depths (0/4) D:15
  Sewer (visited)          Bailey (visited)

Altars:
Ashenzari
Cheibriados
Dithmenos
Elyvilon
Hepliaklqana
Kikubaaqudgha
Makhleb
Nemelex Xobeh
Okawaru
Ru
Sif Muna
Trog
Uskayaw
Wu Jian
Yredelemnul
Zin
Jiyva

Shops:
D:8 *   D:14 *   D:15 [((?

Annotations:
D:4 1 runed translucent door, Zanecoolhand's ghost, weakling GnTm
D:12 2 transporters
Orc:1 Erolcha


Innate Abilities, Weirdness & Mutations

You have a pair of horns on your head.
You reflexively headbutt those who attack you in melee.


Message History

The orc hits you but does no damage. x3
The orc knight hits you but does no damage.
Something hits you!!
The orc wizard hits you but does no damage.
The orc hits you but does no damage.
The orc warrior hits you with a +0 flail!
The orc hits you but does no damage.
The orc priest looks braver for a moment.
The orc hits you but does no damage.
The orc knight hits you with a +0 great mace!
Something hits you but does no damage.
The orc sorcerer hits you with a +0 dagger.
The orc hits you but does no damage.
The orc warrior hits you with a +0 flail.
The orc hits you but does no damage.
The orc hits you from afar with a +0 trident!
The orc knight hits you with a +0 great mace.
Something hits you!
The orc wizard hits you but does no damage.
The orc sorcerer hits you but does no damage.
The orc hits you but does no damage.
The orc warrior hits you with a +0 flail!
The orc hits you with a +0 mace.
* * * LOW HITPOINT WARNING * * *
The orc completely misses you.
The orc knight hits you with a +0 great mace.
* * * LOW HITPOINT WARNING * * *
Something hits you!!
* * * LOW HITPOINT WARNING * * *
The orc sorcerer hits you but does no damage.
You can move again.
Unknown command.
Blink to where?
Press: ? - help, Dir - move target
Found 73 gold pieces.
As you read the scroll of blinking, it crumbles to dust.
You hear some strange, mumbled words.
A fireball appears from out of thin air!
The fireball explodes!
The fireball engulfs you!!
You die...

##.>o.o.
#..o.o#
#..oo)# ##
####o{o##.
#4.....
........
##.....###
##....#.##
$.....@..#
.........#
.........$.#
....#....###
..####.... .
#.$...
#......


You could see an orc knight, a rust devil (summoned), an orc warrior and an orc
(strong).

Vanquished Creatures
  Rupert (D:15)
  A tentacled starspawn (Abyss:3)
  Louise (D:14)
  A minotaur (D:13)
  2 rakshasas (D:15)
  A great orb of eyes (D:15)
  The ghost of Jingleheimer the Geomancer, a journeyman GrEE of Ashenzari (Lair:1)
  4 boulder beetles
  4 hydras
  4 centaur warriors
  4 catoblepae
  12 two-headed ogres
  13 death yaks
  A tengu warrior (D:14)
  Sonja (D:11)
  3 skeletal warriors (D:14)
  Pikel (D:5)
  A harpy (shapeshifter) (D:13)
  A lindwurm (Lair:5)
  2 deep elf pyromancers
  A necromancer (D:13)
  12 ugly things
  An oklob plant (Lair:1)
  6 cyclopes
  12 elephants
  3 manticores
  An elephant (shapeshifter) (D:15)
  7 black mambas
  A rust devil (Abyss:3)
  10 cane toads
  Maggie (D:8)
  An unseen horror (D:13)
  A gargoyle (D:12)
  2 freezing wraiths
  4 kobold demonologists
  5 rime drakes
  10 komodo dragons
  A tengu conjurer (D:14)
  2 queen bees
  A wandering mushroom (Lair:2)
  A red devil (D:10)
  2 polar bears
  6 trolls
  18 blink frogs
  A centaur simulacrum (D:14)
  15 slime creatures
  12 dream sheep
  A culicivora (shapeshifter) (D:14)
  A shadow (D:10)
  5 wyverns
  A vampire (D:11)
  86 yaks
  A wraith (D:12)
  A steam dragon (D:8)
  6 basilisks
  5 vampire mosquitoes
  A redback (Lair:4)
  Menkaure (D:4)
  4 wargs
  15 water moccasins
  3 acid dragons
  16 orc warriors
  Duvessa (D:4)
  Pargi (Sewer)
  A black bear (D:7)
  2 ice beasts
  A necrophage (D:7)
  14 wolves
  16 centaurs
  2 lemures (D:5)
  A phantom (D:7)
  Blork the orc (D:6)
  11 bullfrogs
  11 kobold brigands
  A wyvern zombie (D:7)
  3 scorpions
  A water moccasin zombie (D:7)
  A wyvern skeleton (D:6)
  Dowan (D:4)
  A ballistomycete (Lair:2)
  54 killer bees
  A vampire bat (D:3)
  15 wights
  5 howler monkeys
  A quasit (Abyss:3)
  A jelly (D:4)
  4 centaur zombies
  3 orc priests
  A hound (D:7)
  2 bullfrog skeletons
  A centaur skeleton (D:6)
  2 gnoll shamans
  2 iguanas
  Jessica (D:2)
  10 orc wizards
  6 hell rats (Lair:1)
  A killer bee zombie (D:8)
  A hound skeleton (D:4)
  A howler monkey zombie (D:9)
  Robin (D:4)
  17 gnolls
  A howler monkey skeleton (D:7)
  9 adders
  A river rat (Lair:2)
  2 ufetubi
  2 worms (D:4)
  3 dart slugs
  3 fire bats (D:3)
  45 orcs
  2 spectral bats (D:3)
  7 ball pythons
  11 bats
  3 bat skeletons (D:3)
  A bat zombie (D:3)
  4 endoplasms
  3 giant cockroaches (D:4)
  19 goblins
  6 hobgoblins
  3 jackals (D:4)
  37 kobolds
  7 quokkas
  A bat simulacrum (D:3)
  4 frilled lizards
  3 rats
720 creatures vanquished.

Vanquished Creatures (collateral kills)
  5 orange demons (D:10)
  A red devil (D:10)
  An orc warrior (D:10)
  A centaur (D:10)
  An orc (D:10)
9 creatures vanquished.

Vanquished Creatures (others)
  A yak (Lair:2)
  A killer bee (Lair:2)
  A ballistomycete spore (Lair:2)
  29 fungi
  70 plants
  7 starspawn tentacles (Abyss:3)
  4 tentacles (Abyss:3)
113 creatures vanquished.

Grand Total: 842 creatures vanquished

Notes
Turn   | Place    | Note
-------+----------+-------------------------------------------
     0 | D:1      | cbfl8 the Minotaur Berserker began the quest for the Orb.
     0 | D:1      | Reached XP level 1. HP: 19/19 MP: 0/0
   312 | D:1      | Reached XP level 2. HP: 22/27 MP: 1/1
   377 | D:1      | Found a faded altar of an unknown god.
  1080 | D:2      | Noticed Jessica
  1085 | D:2      | Killed Jessica
  1086 | D:2      | Reached skill level 1 in Evocations
  1086 | D:2      | Reached XP level 3. HP: 27/34 MP: 2/2
  1283 | D:2      | Reached XP level 4. HP: 41/41 MP: 3/3
  1325 | D:2      | Identified the +8 trident "Uhah Qit" {speed, Int+3 Stlth+}
  1975 | D:3      | Reached ** piety under Trog
  2331 | D:3      | Reached skill level 1 in Polearms
  2331 | D:3      | Reached XP level 5. HP: 47/47 MP: 4/4
  2392 | D:3      | Reached skill level 2 in Polearms
  3090 | D:4      | Reached skill level 3 in Polearms
  3090 | D:4      | Reached XP level 6. HP: 53/53 MP: 5/5
  3105 | D:4      | Noticed Duvessa
  3105 | D:4      | Noticed Dowan
  3112 | D:4      | Noticed Menkaure
  3118 | D:4      | Killed Dowan
  3119 | D:4      | Reached skill level 4 in Polearms
  3122 | D:4      | Killed Duvessa
  3127 | D:4      | Killed Menkaure
  3128 | D:4      | Reached skill level 5 in Polearms
  3128 | D:4      | Reached XP level 7. HP: 10/60 MP: 6/6
  3281 | D:4      | Reached *** piety under Trog
  3288 | D:4      | Found a glowing drain.
  3292 | Sewer    | Entered a sewer
  3337 | Sewer    | Noticed Pargi
  3338 | Sewer    | Killed Pargi
  3339 | Sewer    | Reached skill level 6 in Polearms
  3405 | Sewer    | Identified the +7 quarterstaff of Butchery {freeze, rCorr
                  | Str+2 Int+4 Dex+2}
  3725 | D:4      | Reached skill level 5 in Fighting
  3747 | D:4      | Noticed Robin
  3754 | D:4      | Killed Robin
  3855 | D:4      | Found a runed translucent door.
  3856 | D:4      | Noticed Zanecoolhand's ghost (weakling GnTm)
  4355 | D:4      | Reached skill level 7 in Polearms
  4438 | D:5      | Entered Level 5 of the Dungeon
  4702 | D:5      | Reached XP level 8. HP: 69/69 MP: 7/7
  4844 | D:5      | Noticed Pikel
  4859 | D:5      | Killed Pikel
  4860 | D:5      | Reached skill level 9 in Polearms
  5769 | D:6      | Noticed Blork the orc
  5774 | D:6      | Killed Blork the orc
  5775 | D:6      | Reached skill level 10 in Polearms
  5881 | D:6      | Found a staircase to the Ecumenical Temple.
  5923 | D:6      | Reached skill level 5 in Armour
  5973 | D:6      | Reached XP level 9. HP: 75/75 MP: 8/8
  6231 | D:6      | Reached **** piety under Trog
  6581 | D:7      | Reached skill level 11 in Polearms
  6837 | D:7      | Reached skill level 12 in Polearms
  7210 | D:7      | Identified the ring "Yluheco" {rElec rPois rC+ Str+4 Dex-5}
  7536 | D:8      | Found a flagged portal.
  7568 | Bailey   | Entered a bailey
  8025 | Bailey   | Reached XP level 10. HP: 72/86 MP: 9/9
  8078 | Bailey   | Reached skill level 13 in Polearms
  9115 | Bailey   | Reached ***** piety under Trog
  9744 | D:8      | Acquired 1160 gold pieces
 10264 | D:8      | Found Fyxtim Poga's General Store.
 10355 | D:8      | Found an iron altar of Okawaru.
 10355 | D:8      | Found an ancient bone altar of Kikubaaqudgha.
 10430 | D:8      | Found a sacrificial altar of Ru.
 10432 | D:8      | Found an ornate altar of the Wu Jian Council.
 10432 | D:8      | Found a hide-covered altar of Uskayaw.
 10432 | D:8      | Found a hazy altar of Hepliaklqana.
 10434 | D:8      | Found a bloodstained altar of Trog.
 10434 | D:8      | Found a shadowy altar of Dithmenos.
 10434 | D:8      | Found a shimmering blue altar of Sif Muna.
 10436 | D:8      | Found a snail-covered altar of Cheibriados.
 10436 | D:8      | Found a broken altar of Ashenzari.
 10436 | D:8      | Found a basalt altar of Yredelemnul.
 10480 | D:8      | Noticed Maggie
 10491 | D:8      | Killed Maggie
 10492 | D:8      | Reached skill level 14 in Polearms
 10633 | D:8      | Bought a scroll of teleportation for 39 gold pieces
 10633 | D:8      | Bought a scroll of blinking for 97 gold pieces
 10633 | D:8      | Bought a wand of digging (8) for 312 gold pieces
 10838 | D:9      | Reached skill level 5 in Evocations
 10843 | D:9      | Noticed a two-headed ogre
 10849 | D:9      | Killed a two-headed ogre
 10850 | D:9      | Reached skill level 1 in Stealth
 10868 | D:9      | Noticed a two-headed ogre
 10881 | D:9      | Killed a two-headed ogre
 11333 | D:9      | Reached XP level 11. HP: 82/99 MP: 10/10
 11367 | D:9      | Reached skill level 10 in Fighting
 11741 | D:9      | Noticed a two-headed ogre
 11748 | D:9      | Killed a two-headed ogre
 11749 | D:9      | Reached skill level 15 in Polearms
 12044 | D:10     | Entered Level 10 of the Dungeon
 12048 | D:10     | Noticed a two-headed ogre
 12057 | D:10     | Killed a two-headed ogre
 12057 | D:10     | Received a gift from Trog
 12104 | D:10     | HP: 4/102 [orange demon (7)]
 12444 | D:10     | Identified the +8 chain mail of Betarefi {Dex+2}
 12739 | D:10     | Found a burning altar of Makhleb.
 12908 | D:10     | Found a glowing silver altar of Zin.
 12908 | D:10     | Noticed an angel
 12909 | D:10     | Noticed a balrug
 13109 | D:11     | You fall into a shaft and drop 2 floors!
 13142 | D:13     | Noticed a minotaur
 13159 | D:13     | Killed a minotaur
 13160 | D:13     | Reached skill level 16 in Polearms
 13545 | D:13     | Noticed a brown ugly thing
 13551 | D:13     | Killed a brown ugly thing
 13552 | D:13     | Reached XP level 12. HP: 115/115 MP: 11/11
 13670 | D:13     | Noticed a centaur warrior
 13682 | D:13     | Killed a centaur warrior
 13949 | D:11     | Noticed a two-headed ogre
 13957 | D:11     | Killed a two-headed ogre
 13991 | D:11     | Noticed a two-headed ogre
 13997 | D:11     | Killed a two-headed ogre
 14016 | D:11     | Reached skill level 10 in Armour
 14026 | D:11     | Noticed a two-headed ogre
 14039 | D:11     | Killed a two-headed ogre
 14752 | D:11     | Noticed a two-headed ogre
 14757 | D:11     | Killed a two-headed ogre
 14758 | D:11     | Reached skill level 17 in Polearms
 14758 | D:11     | Reached skill level 1 in Shields
 14767 | D:11     | Noticed Sonja
 14774 | D:11     | Killed Sonja
 14972 | D:11     | Reached skill level 15 in Fighting
 15273 | D:11     | Found a staircase to the Lair.
 15394 | D:11     | Found a sparkling altar of Nemelex Xobeh.
 15580 | D:12     | Found a staircase to the Orcish Mines.
 15821 | D:12     | Noticed a two-headed ogre
 15826 | D:12     | Killed a two-headed ogre
 15842 | D:12     | Reached XP level 13. HP: 97/127 MP: 12/12
 15990 | D:12     | Found a transporter.
 16007 | D:12     | Found a viscous altar of Jiyva.
 16605 | D:12     | Found a transporter.
 16812 | D:13     | Reached skill level 18 in Polearms
 16980 | D:13     | Found a gate to the Vaults.
 17610 | D:13     | Found the +18 Lear's hauberk
 17919 | D:14     | Reached skill level 5 in Shields
 17946 | D:14     | Found Fewewaic's General Store.
 18583 | D:14     | Noticed Louise
 18587 | D:14     | Cast into level 3 of the Abyss (Louise)
 18627 | Abyss:3  | Noticed a kraken
 18670 | Abyss:3  | Noticed a tentacled starspawn
 18702 | Abyss:3  | Killed a tentacled starspawn
 18710 | Abyss:3  | Noticed a tentacled starspawn
 18751 | D:14     | Escaped the Abyss
 18765 | D:14     | Killed Louise
 18975 | D:14     | Reached skill level 5 in Dodging
 19158 | D:14     | Bought a scroll of identify for 34 gold pieces
 19243 | D:15     | Entered Level 15 of the Dungeon
 19243 | D:15     | Found Hionleum's Weapon Boutique.
 19254 | D:15     | Noticed Rupert
 19258 | D:15     | Paralysed by Rupert for 4 turns
 19271 | D:15     | Killed Rupert
 19430 | D:15     | Found Namupusch's Magic Scroll Emporium.
 19473 | D:15     | Reached XP level 14. HP: 110/138 MP: 13/13
 19637 | D:15     | Bought a scroll of teleportation for 60 gold pieces
 19637 | D:15     | Bought a scroll of teleportation for 60 gold pieces
 19637 | D:15     | Bought a scroll of teleportation for 60 gold pieces
 19637 | D:15     | Bought a scroll of identify for 40 gold pieces
 19797 | D:15     | Found Ovvobb's Weapon Shop.
 19947 | D:15     | Received a gift from Trog
 20057 | D:15     | Found Reopsib's Armour Shop.
 20328 | D:15     | Found a staircase to the Depths.
 20605 | Lair:1   | Entered Level 1 of the Lair of Beasts
 20615 | Lair:1   | Found a runed translucent gate.
 20615 | Lair:1   | Found a runed translucent gate.
 20615 | Lair:1   | Found a runed translucent gate.
 20616 | Lair:1   | Noticed Jingleheimer's ghost (journeyman GrEE)
 20980 | Lair:1   | Found a white marble altar of Elyvilon.
 21686 | Lair:1   | Killed Jingleheimer's ghost
 21852 | Lair:2   | Reached skill level 19 in Polearms
 22366 | Lair:2   | Received a gift from Trog
 24957 | Lair:4   | Found a hole to the Spider Nest.
 25000 | Lair:4   | Reached XP level 15. HP: 147/147 MP: 1/14
 25503 | Lair:4   | Found a staircase to the Shoals.
 25656 | Lair:4   | Reached ****** piety under Trog
 26903 | Lair:5   | Reached skill level 10 in Evocations
 27003 | Lair:5   | Found a staircase to the Slime Pits.
 27004 | Lair:5   | Found a viscous altar of Jiyva.
 27099 | Lair:5   | Reached skill level 20 in Polearms
 27482 | Lair:6   | Entered Level 6 of the Lair of Beasts
 27757 | Lair:6   | Received a gift from Trog
 28156 | Lair:6   | Reached skill level 10 in Shields
 29746 | Orc:1    | Entered Level 1 of the Orcish Mines
 29752 | Orc:1    | Noticed Erolcha
 29757 | Orc:1    | Paralysed by an orc sorcerer for 7 turns
 29765 | Orc:1    | Killed from afar by Erolcha

Illustrated notes

Levels and vault maps discovered:
D:1:      minmay_arrival_four_houses, layout_basic,
          ebering_ecumenical_altar_rust
D:2:      layout_loops_cross, serial_forest, infiniplex_forest_side_room,
          infiniplex_forest_end_1, infiniplex_forest_lined_room_,
          infiniplex_forest_clump_small, infiniplex_forest_lined_4_way,
          infiniplex_forest_3_way, infiniplex_forest_zigzag_1,
          infiniplex_forest_clump_double, grunt_ministairs_1, uniq_jessica
D:3:      layout_basic, serial_bayou_pond_d, minmay_misc_feat_square,
          corexii_leaking_fountain, goddamned_bats
D:4:      nicolae_cairo_tiling_large_dashed, layout_basic,
          gup_sewer_entry_spiral, ebering_ghost_reflecting_pool, minmay_between,
          uniq_menkaure, uniq_duvessa, uniq_robin
D:5:      layout_basic, uniq_pikel
D:6:      layout_basic, minmay_temple_entry_glassed_door, uniq_blork_the_orc
D:7:      minmay_chambers_of_sixes, layout_basic, nicolae_benzene_ring
D:8:      layout_loops_corners, nicolae_overflows_in_rows, enter_bailey_3,
          nicolae_inconvenience_store, kennysheep_small_circle, uniq_maggie
D:9:      layout_gridville, uniq_erica
D:10:     layout_basic, grunt_temple_overflow_order_and_chaos_2,
          minivault_25_ag, minmay_misc_feat_tower, minmay_beelzebubs_servants
D:11:     minmay_inner_zag, layout_long_grid, grunt_lair_entry_orc_guard_hut,
          nemelex_lonely_heart_becter, uniq_sonja
D:12:     gammafunk_jiyva_shrine, layout_long_grid, minmay_orc_entry_guard_dogs,
          dk_noncrumbling_4
D:13:     layout_rooms, david_vaults_1, hellmonk_guarded_unrand_lears
D:14:     layout_roguey, serial_shops, shop, kennysheep_pointless_box,
          uniq_louise
D:15:     gammafunk_enter_depths_forms, layout_cave_pools, serial_shops,
          nicolae_shop_trees, shop_fountains, shop, shop_statue, uniq_rupert
Lair:1:   layout_long_grid, ebering_ghost_rock_garden, serial_rivers,
          chequers_serial_rivers_large_b, chequers_serial_rivers_micro_d,
          chequers_serial_rivers_large_a, chequers_serial_rivers_micro_d,
          chequers_serial_rivers_room_a, lemuel_oklob_altar
Lair:2:   regret_index_harrowing_hell_hive, layout_chaotic_city,
          infiniplex_staircase_pool_2
Lair:3:   layout_cave_pods, special_room [special_room_bee], st_stairs_10,
          infiniplex_staircase_pool
Lair:4:   layout_roguey, elwin_shoals_entry_rocks, spider_nest_entry_rubble,
          serial_bayou_shore_b
Lair:5:   layout_gridlike, slime_altar_1, nicolae_quartered_pool_super,
          grunt_megastairs_4
Lair:6:   evilmike_catoblepas_cave, layout_regular_city,
          chequers_serial_rivers_room_a, st_stairs_12, lookout_lair_type,
          chequers_serial_rivers_micro_a, minmay_lair_drake_nest
Orc:1:    layout_diamond_mine, uniq_erolcha

Skill      XL: |  1  2  3  4  5  6  7  8  9 10 11 12 13 14 15 |
---------------+----------------------------------------------+-----
Fighting       | 4 5 7 9 13 15 16 17 | 17.9
Axes           | 4 |  4.6
Evocations     | 1 2 3 4 5 6 7 8 9 10 | 10.4
Armour         | 3 5 6 7 9 10 12 13 14 | 14.2
Polearms       | 1 3 5 7 10 12 14 16 17 18 19 20 | 20.5
Dodging        | 3 4 5 6 |  6.3
Stealth        | 1 |  1.6
Shields        | 3 6 8 10 | 10.5

Action                   |  1- 3 |  4- 6 |  7- 9 | 10-12 | 13-15 || total
-------------------------+-------+-------+-------+-------+-------++-------
Melee: Hand axe          |    43 |    19 |       |       |       ||    62
       Headbutt          |     8 |     8 |    46 |    88 |   351 ||   501
       Trident           |       |    89 |   332 |   589 |  1372 ||  2382
       Punch             |       |     2 |     2 |     4 |       ||     8
Invok: Berserk           |       |     1 |       |     3 |    12 ||    16
       Trog's Hand       |       |       |     1 |     1 |     3 ||     5
       Brothers in Arms  |       |       |       |     1 |       ||     1
Evoke: Wand              |       |       |       |     3 |    22 ||    25
  Use: Scroll            |     2 |     4 |     9 |     9 |    21 ||    45
       Potion            |       |       |       |     1 |     1 ||     2
Armor: Animal skin       |     3 |       |       |       |       ||     3
       Chain mail        |     8 |    54 |    60 |   104 |   603 ||   829
Dodge: Dodged            |    38 |    61 |    64 |   145 |   356 ||   664
Block: Kite shield       |       |       |       |    54 |   111 ||   165
       Tower shield      |       |       |       |       |   729 ||   729
